 Dungeon Crawl Stone Soup version 0.16-a0-715-g16937c4 (webtiles) character file.

324 RobertPalmer the Covert (level 6, -25/36 HPs)
             Began as an Octopode Enchanter on Sept 20, 2014.
             Annihilated by an ogre
             ... wielding a +0 giant spiked club
              (26 damage)
             ... on Level 4 of the Dungeon.
             The game lasted 00:08:05 (3975 turns).

RobertPalmer the Covert (Octopode Enchanter)        Turns: 3975, Time: 00:08:05

HP -25/36        AC  1     Str  7      XL: 6   Next: 48%
MP  10/10        EV 12     Int 18      God:
Gold 236         SH  0     Dex 14      Spells:  2 memorised,  4 levels left

rFire  . . .     SeeInvis .     a - +2 dagger (venom)
rCold  . . .     Clarity  .     (no shield)
rNeg   . . .     rCorr    .     (helmet restricted)
rPois  .         rRot     .     (no amulet)
rElec  .         Spirit   .     p - +1 ring of slaying
SustAb .         Warding  .     m - ring of stealth
rMut   .         Stasis   .     (no ring)
Gourm  .                        (no ring)
MR     .....                    (no ring)
                                (no ring)
                                (no ring)
                                (no ring)

@: very slightly contaminated, invisible, not resistant to hostile enchantments,
very stealthy
A: almost no armour, amphibious, 8 rings, constrict 8, camouflage 1, gelatinous
body 1
a: no special abilities


You were on level 4 of the Dungeon.
You were not hungry.

You visited 1 branch of the dungeon, and saw 4 of its levels.

You collected 236 gold pieces.


Innate Abilities, Weirdness & Mutations

You cannot wear most types of armour.
You are amphibious.
You can wear up to eight rings at the same time.
You can use your tentacles to constrict many enemies at once.
Your skin changes colour to match your surroundings (Stealth).
Your rubbery body absorbs attacks (AC +1).


   Skills:
 - Level 1.0 Short Blades
 - Level 2.0 Dodging
 + Level 9.1 Stealth
 - Level 2.0 Spellcasting
 - Level 4.1 Hexes


You had 4 spell levels left.
You knew the following spells:

 Your Spells              Type           Power        Failure   Level  Hunger
z - Confuse               Hex            ###.....     12%         3    ####...
X - Sure Blade            Hex/Chrm       #.........   12%         2    ##.....

Inventory:

Hand weapons
 a - a +2 dagger of venom (weapon)
Missiles
 k - 7 steel javelins (quivered)
Magical devices
 s - a wand of invisibility (6)
 u - a wand of fireball (0)
Comestibles
 d - 5 bread rations
 l - 11 fruits
 q - a slice of pizza
 w - 2 rotting chunks of hobgoblin flesh {@*1}
Scrolls
 i - 5 scrolls of identify
 n - a scroll of random uselessness
 t - 2 scrolls of magic mapping {unknown}
 v - 2 scrolls of remove curse
Jewellery
 m - a ring of stealth (right tentacle)
 p - a +1 ring of slaying (left tentacle)
Potions
 b - 3 potions of curing
 e - a potion of beneficial mutation {unknown}
 f - a potion of heal wounds
 g - 2 potions of agility {unknown}
 h - a potion of degeneration {unknown}
 j - a potion of restore abilities {unknown}
 o - a potion of brilliance {unknown}
 r - 2 potions of magic {unknown}
Books
 c - a book of Maledictions

Dungeon Overview and Level Annotations

Branches:
Dungeon (4/15)
 Temple: D:4-7

Altars:

......#
#..<..#
##....# ###..#
##.# ### ####
#..## #..)####
##.....@# ####
##...#####
##..#####...##
...........##
..........##
..#########
##### .##
###...# .#
###..#### .#
##...##


There were no monsters in sight!


Message History

The fireball explodes!
The fireball engulfs something.
The fireball engulfs the kobold.
You kill the kobold!
u - a wand of fireball {zapped: 1} Evoke which item? (* to show all) (? for menu, Esc to quit)
Zapping:
u - a wand of fireball {zapped: 1} The fireball explodes!
Evoke which item? (* to show all) (? for menu, Esc to quit)
Zapping:
u - a wand of fireball {zapped: 2} The fireball explodes!
The fireball engulfs something.
Evoke which item? (* to show all) (? for menu, Esc to quit)
Zapping:
u - a wand of fireball {zapped: 3} The fireball explodes!
The fireball engulfs something.
Evoke which item? (* to show all) (? for menu, Esc to quit)
Zapping:
u - a wand of fireball {zapped: 4} The fireball explodes!
The fireball engulfs something.
Evoke which item? (* to show all) (? for menu, Esc to quit)
Zapping:
u - a wand of fireball {zapped: 5} Nothing appears to happen.
Evoke which item? (* to show all) (? for menu, Esc to quit)
Okay, then.
Read which item? (? for menu, Esc to quit)
As you read the scroll labeled AXOROM WOSCHOTUEM, it crumbles to dust.
You hear the chiming of a distant gong.
It was a scroll of random uselessness.
Something hits you!!
Ouch! That really hurt!
* * * LOW HITPOINT WARNING * * *
You miss something. Something hits you!!
Ouch! That really hurt!
You die...

Action                   |  1- 3 |  4- 6 || total
-------------------------+-------+-------++-------
Melee: Dagger            |    59 |    83 ||   142
Throw: Javelin           |       |    12 ||    12
 Cast: Confuse           |     1 |     7 ||     8
Evoke: Wand              |       |     7 ||     7
  Use: Scroll            |     2 |     5 ||     7
       Potion            |       |     2 ||     2
 Stab: Sleeping          |     8 |    12 ||    20
       Confused          |     1 |       ||     1
  Eat: Chunk             |     3 |     7 ||    10

Vault maps used:
D:1:      minmay_arrival_four_loops
D:3:      first_bread, kennysheep_generic_room_5
D:4:      uniq_edmund

Notes
Turn   | Place    | Note
--------------------------------------------------------------
     0 | D:1      | RobertPalmer, the Octopode Enchanter, began the quest for the Orb.
     0 | D:1      | Reached XP level 1. HP: 11/11 MP: 3/3
   230 | D:1      | Reached XP level 2. HP: 17/17 MP: 4/4
  1321 | D:1      | Reached skill level 4 in Hexes
  1454 | D:1      | Reached XP level 3. HP: 18/21 MP: 6/6
  1545 | D:1      | Learned a level 3 spell: Confuse
  1548 | D:1      | Learned a level 2 spell: Sure Blade
  1990 | D:2      | Reached skill level 5 in Stealth
  2008 | D:2      | Reached XP level 4. HP: 21/27 MP: 4/7
  2755 | D:3      | Reached skill level 6 in Stealth
  2887 | D:3      | Reached XP level 5. HP: 20/31 MP: 2/9
  3114 | D:4      | Noticed Edmund
  3133 | D:4      | HP: 2/31 [Edmund/glowing dire flail (11)]
  3157 | D:4      | Killed Edmund
  3157 | D:4      | Reached skill level 8 in Stealth
  3157 | D:4      | Reached XP level 6. HP: 18/36 MP: 2/10
  3630 | D:4      | Reached skill level 9 in Stealth
  3914 | D:4      | Noticed an ogre
  3974 | D:4      | HP: 1/36 [something (21)]
  3975 | D:4      | Annihilated by an ogre

Vanquished Creatures
  Edmund (D:4)
  An orc priest (D:3)
  2 worker ants (D:4)
  3 adders
  A giant mite (D:3)
  An orc skeleton (D:4)
  6 giant geckos
  An ooze (D:1)
  5 orcs
  4 giant cockroaches
  10 goblins
  9 hobgoblins
  6 jackals
  5 bats
  4 giant newts
  9 kobolds
  4 quokkas
  8 rats
80 creatures vanquished.
